 Dungeon Sprint DCSS version 0.31-a0-175-g9f7f995f2b (webtiles) character file.

Game seed: 12346018296058734157

982 rocky1 the Fencer (level 8, -6/65 HPs)
             Began as a Merfolk Gladiator on June 18, 2023.
             Was an Initiate of Gozag.
             Mangled by a catoblepas (9 damage)
             ... while petrified by a catoblepas
             ... in the Dungeon (Sprint VII: "The Pits").
             The game lasted 00:04:01 (1239 turns).

rocky1 the Fencer (Merfolk Gladiator)               Turns: 1239, Time: 00:04:01

Health: -6/65      AC: 13    Str: 14    XL:     8   Next: 17%
Magic:  8/8        EV:  2    Int:  8    God:    Gozag
Gold:   2061       SH:  0    Dex: 17    Spells: 7/7 levels left

rFire   . . .        o - +2 long sword (flame)
rCold   . . .        (no shield)
rNeg    + + +        p - +3 chain mail
rPois   ∞            c - +0 helmet
rElec   .            (no cloak)
rCorr   .            (no gloves)
SInv    .            (no boots)
Will    .....        (no amulet) Stlth
                     (no ring)
HPRegen 0.30/turn    (no ring)
MPRegen 0.11/turn

%: no teleportation
@: petrified, gold aura, on berserk cooldown, slowed
A: (nimble swimmer 2), mertail
a: Renounce Religion, Potion Petition, Call Merchant, Bribe Branch


You were in the Dungeon.
You worshipped Gozag.
Gozag was most pleased with you.
You visited 1 branch You collected 2061 gold pieces.

Inventory:

Hand Weapons
 a - a +0 long sword
 o - a +2 long sword of flaming (weapon)
 q - a +0 scimitar
Missiles
 d - 3 throwing nets (quivered)
 e - a javelin
Armour
 b - a +0 leather armour
 c - a +0 helmet (worn)
 p - a +3 chain mail (worn)
Scrolls
 k - a scroll of blinking
 m - 5 scrolls of amnesia
 n - a scroll of summoning
Potions
 f - 4 potions of curing
 g - 6 potions of heal wounds
 h - a potion of haste
 i - 4 potions of magic
 l - 2 potions of invisibility


   Skills:
 + Level 6.7 Fighting
 * Level 15.8 Long Blades
 + Level 3.1 Throwing
 + Level 3.9 Armour
 + Level 10.0 Dodging
 + Level 3.5 Stealth


You had 7 spell levels left.
You didn't know any spells.
Your spell library was empty.

Dungeon Overview and Level Annotations

Branches:
Dungeon (1/1)

Altars:
Ashenzari
Cheibriados
Dithmenos
Elyvilon
Fedhas
Gozag
Hepliaklqana
Kikubaaqudgha
Makhleb
Nemelex Xobeh
Okawaru
Qazlal
Ru
Sif Muna
Trog
Uskayaw
Vehumet
Wu Jian
Xom
Yredelemnul
Zin
The Shining One
Jiyva
Lugonu


Innate Abilities, Weirdness & Mutations

((You are very nimble when in or above water. (Stealth+, EV+, Speed+++)))
Your lower body shifts to a powerful aquatic tail in water.


Message History

You are engulfed in calcifying dust.
Your Dodging skill increases to level 10!
You are engulfed in calcifying dust.
The ice beast is engulfed in calcifying dust.
The ice beast is moving more slowly.
The ice beast completely misses you.
There is an open door here.
You see here 171 gold pieces.
You hit the ice beast.
You melt the ice beast.
The ice beast is moderately wounded.
You are engulfed in calcifying dust.
You are slowing down.
Unknown command.
Unknown command.
Unknown command.
Unknown command.
You are engulfed in calcifying dust.
Your limbs have turned to stone.
The ice beast is engulfed in calcifying dust.
The ice beast stops moving altogether!
The catoblepas breathes a plume of calcifying dust at you.
The blast of calcifying dust hits you!
You have turned to stone.
You are engulfed in calcifying dust.
The ice beast is engulfed in calcifying dust.
The catoblepas gores you!!
You are engulfed in calcifying dust.
The catoblepas gores you!
The ice beast is engulfed in calcifying dust.
You are engulfed in calcifying dust.
The catoblepas gores you!! x2
* * * LOW HITPOINT WARNING * * *
The catoblepas gores you!
* * * LOW HITPOINT WARNING * * *
The catoblepas gores you.
* * * LOW HITPOINT WARNING * * *
The catoblepas gores you but does no damage.
You are no longer berserk.
You feel yourself slow down. The catoblepas gores you!!
* * * LOW HITPOINT WARNING * * *
The catoblepas breathes a plume of calcifying dust at you.
The blast of calcifying dust hits you but does no damage.
You are engulfed in calcifying dust.
The catoblepas gores you!!
You die...
Your body crumbles into a pile of gold.

#)#####'#####...<...#
#.#...)))[.##.......#
#.#...))...##.......#
#[###########.......#
#.))....#..##########
#.###)..#)######
#.#..)..#.#....#
#.#...#)#§#....#
#.....#.#.@Y...+
#...###.#'#Y...#
#.......'.#....#
################


You could see a catoblepas and an ice beast (petrified).

Vanquished Creatures
  A dream sheep (D)
  An air elemental (D)
  A floating eye (D)
  An orc warrior (D)
  Pargi (D)
  A black bear (D)
  A centaur (D)
  A gnoll sergeant (D)
  A bullfrog (D)
  An orc wizard (D)
  5 gnolls (D)
  A river rat (D)
  An ufetubus (D)
  An adder zombie (D)
  2 orcs (D)
  A hobgoblin (D)
  8 jackals (D)
  A kobold (D)
  2 ball pythons (D)
  2 bats (D)
  3 rats (D)
37 creatures vanquished.

Notes
Turn   | Place    | Note
-------+----------+-------------------------------------------
     0 | D        | rocky1 the Merfolk Gladiator began the quest for the Orb.
     0 | D        | Reached XP level 1. HP: 16/16 MP: 1/1
    18 | D        | Found a bloodstained altar of Trog.
    18 | D        | Found a shimmering blue altar of Sif Muna.
    18 | D        | Found a viscous altar of Jiyva.
    18 | D        | Found a hazy altar of Hepliaklqana.
    18 | D        | Found an opulent altar of Gozag.
    19 | D        | Found a glowing golden altar of the Shining One.
    19 | D        | Found a glowing silver altar of Zin.
    19 | D        | Found a basalt altar of Yredelemnul.
    19 | D        | Found a shimmering altar of Xom.
    19 | D        | Found an ornate altar of the Wu Jian Council.
    19 | D        | Found a sacrificial altar of Ru.
    19 | D        | Found a stormy altar of Qazlal.
    19 | D        | Found an iron altar of Okawaru.
    19 | D        | Found a sparkling altar of Nemelex Xobeh.
    19 | D        | Found a burning altar of Makhleb.
    19 | D        | Found a blossoming altar of Fedhas.
    19 | D        | Found a white marble altar of Elyvilon.
    19 | D        | Found a shadowy altar of Dithmenos.
    19 | D        | Found a snail-covered altar of Cheibriados.
    21 | D        | Found a radiant altar of Vehumet.
    21 | D        | Found a corrupted altar of Lugonu.
    22 | D        | Found a hide-covered altar of Uskayaw.
    22 | D        | Found an ancient bone altar of Kikubaaqudgha.
    22 | D        | Found a broken altar of Ashenzari.
    26 | D        | Became a worshipper of Gozag Ym Sagoz the Greedy
    68 | D        | Reached skill level 4 in Long Blades
    78 | D        | Reached skill level 5 in Dodging
    92 | D        | Reached XP level 2. HP: 23/23 MP: 2/2
   230 | D        | Noticed a bullfrog
   236 | D        | Killed a bullfrog
   237 | D        | Reached skill level 7 in Long Blades
   237 | D        | Reached skill level 1 in Stealth
   237 | D        | Reached XP level 3. HP: 29/29 MP: 3/3
   237 | D        | Reached XP level 4. HP: 35/35 MP: 4/4
   245 | D        | Reached skill level 1 in Armour
   251 | D        | Reached skill level 8 in Long Blades
   440 | D        | Noticed Pargi
   441 | D        | Noticed an orc warrior
   463 | D        | Reached XP level 5. HP: 31/42 MP: 5/5
   467 | D        | Killed Pargi
   468 | D        | Reached skill level 10 in Long Blades
   472 | D        | Reached XP level 6. HP: 49/49 MP: 6/6
   479 | D        | Killed an orc warrior
   480 | D        | Reached skill level 12 in Long Blades
   482 | D        | Reached skill level 5 in Fighting
   511 | D        | Reached skill level 13 in Long Blades
   750 | D        | Noticed a dream sheep
   754 | D        | Killed a dream sheep
   755 | D        | Reached skill level 14 in Long Blades
   755 | D        | Reached XP level 7. HP: 57/57 MP: 7/7
  1066 | D        | Reached skill level 15 in Long Blades
  1070 | D        | Reached XP level 8. HP: 49/65 MP: 8/8
  1223 | D        | Noticed a catoblepas
  1223 | D        | Noticed an air elemental
  1223 | D        | Paralysed by an air elemental for 1 turns
  1226 | D        | Killed an air elemental
  1227 | D        | Reached skill level 10 in Dodging
  1237 | D        | HP: 3/65 [catoblepas (9)]
  1239 | D        | Mangled by a catoblepas

Illustrated notes

Levels and vault maps discovered:
D:        pitsprint [storerooms_1, entrance_room_1, metal_vault_5, armoury_2,
          mini_pit_1, grid_room_1, main_hall_1, silver_pit, the_coven_3,
          the_vestibule_1, steel_vault_1, golden_pit, hallway_of_sentries,
          crystal_vault_1, iron_vault_2, final_vault]

Skill      XL: |  1  2  3  4  5  6  7  8 |
---------------+-------------------------+-----
Long Blades    | 4 7 8 10 14 15 | 15.8
Dodging        | 5 6 7 8 9 10 | 10.0
Fighting       | 3 4 5 6 |  6.7
Stealth        | 1 2 3 |  3.5
Armour         | 1 3 |  3.9
Throwing       | 3 |  3.1

Action                     |  1- 3 |  4- 6 |  7- 9 || total
---------------------------+-------+-------+-------++-------
  Melee: Long sword        |    29 |    69 |    13 ||   111
         Punch             |     1 |     2 |     1 ||     4
    Use: Potion            |     1 |     3 |     1 ||     5
   Stab: Distracted        |     1 |       |       ||     1
 Armour: Leather armour    |     7 |       |       ||     7
         Chain mail        |       |    41 |    11 ||    52
  Dodge: Dodged            |    21 |    34 |     8 ||    63

Table legend: (Time is in decaauts)
 A = Elapsed time spent in this place.
 B = Non-inter-level travel time spent in this place.
 C = Inter-level travel time spent in this place.
 D = Time resting spent in this place.
 E = Time spent auto-exploring this place.
 F = Levels seen in this place.
 G = Mean time per level.
                   A        B        C        D        E       F      G
               +--------+--------+--------+--------+--------+-----+--------+
         Total |   1243 |   1233 |     10 |    876 |      0 |   1 | 1243.0 |
       Dungeon |   1243 |   1233 |     10 |    876 |      0 |   1 | 1243.0 |
               +--------+--------+--------+--------+--------+-----+--------+

Top non-repeatable levels by time:
       D: 1243 daAuts
